PCL
SAN JOSE MISSIONS @ SANTA MONICA BRUINS
09/14/2024
 
TOP OF THE 1ST
San Jose Missions batting - Pitching for Santa Monica Bruins : RHP José Castro
Pitching: RHP José Castro
Batting: RHB Peyton Pennington 0-0: Fly out, F5 (Popup, 56)
Batting: LHB Arturo Rivera 0-0: Fly out, F9 (Flyball, 9M)
Batting: RHB Armando López 0-0: Ball
1-0: Foul Ball, location: 2F
1-1: Foul Ball, location: 2F
1-2: Ball
2-2: DOUBLE (Flyball, 9D)
Batting: LHB Miguel Montés 0-0: Fly out, F6 (Popup, 6D)
Top of the 1st over - 0 run(s), 1 hit(s), 0 error(s), 1 left on base; San Jose 0 - Santa Monica 0
BOTTOM OF THE 1ST
Santa Monica Bruins batting - Pitching for San Jose Missions : LHP Ron Seccombe
Pitching: LHP Ron Seccombe
Batting: RHB Don Keating 0-0: Ball
1-0: Called Strike
1-1: Swinging Strike
1-2: Ground out 6-3 (Groundball, 6S)
Batting: RHB Mark Hosley 0-0: Ball
1-0: Foul Ball, location: 2F
1-1: Ball
2-1: Ball
3-1: Base on Balls
Batting: RHB Wallace Franklin 0-0: Ball
1-0: Called Strike
1-1: SINGLE (Groundball, 56D) (infield hit)
Mark Hosley to second
Batting: LHB Germán Charfauros 0-0: Foul Ball, location: 2F
0-1: Called Strike
0-2: Ball
1-2: Strikes out swinging
Batting: LHB Ken Poche 0-0: Ground out 5-3 (Groundball, 56)
Bottom of the 1st over - 0 run(s), 1 hit(s), 0 error(s), 2 left on base; San Jose 0 - Santa Monica 0
TOP OF THE 2ND
San Jose Missions batting - Pitching for Santa Monica Bruins : RHP José Castro
Batting: RHB Raúl Perales 0-0: Foul Ball, location: 2F
0-1: Foul Ball, location: 2F
0-2: Ball
1-2: Ground out 5-3 (Groundball, 56)
Batting: RHB Dave Wookey 0-0: Fly out, F8 (Flyball, 8LM)
Batting: RHB Joe Broadhead 0-0: Called Strike
0-1: Foul Ball, location: 2F
0-2: SINGLE (Groundball, 4D)
Batting: RHB Luis Antonio Rosas 0-0: Swinging Strike
0-1: Called Strike
0-2: Ball
1-2: SINGLE (Line Drive, 34S)
Joe Broadhead to second
Batting: RHB Ángel Hernández 0-0: Ball
1-0: Foul Ball, location: 2F
1-1: Swinging Strike
1-2: Ball
2-2: Strikes out swinging
Top of the 2nd over - 0 run(s), 2 hit(s), 0 error(s), 2 left on base; San Jose 0 - Santa Monica 0
BOTTOM OF THE 2ND
Santa Monica Bruins batting - Pitching for San Jose Missions : LHP Ron Seccombe
Batting: RHB Miguel Moreno 0-0: Ball
1-0: Ball
2-0: Ball
3-0: Base on Balls
Batting: RHB Grant Jenkins 0-0: Ball
1-0: Fly out, F7 (Flyball, 7M)
Batting: RHB Armando Méndez 0-0: Swinging Strike
0-1: Called Strike
0-2: Fly out, F5 (Line Drive, 5)
Batting: RHB Iván De Jesús 0-0: Called Strike
0-1: Foul Ball, location: 2F
0-2: Strikes out swinging
Bottom of the 2nd over - 0 run(s), 0 hit(s), 0 error(s), 1 left on base; San Jose 0 - Santa Monica 0
TOP OF THE 3RD
San Jose Missions batting - Pitching for Santa Monica Bruins : RHP José Castro
Batting: RHB Peyton Pennington 0-0: Bunt for hit - play at first, batter OUT! 6-3
Batting: LHB Arturo Rivera 0-0: Swinging Strike
0-1: Called Strike
0-2: Ball
1-2: Ball
2-2: Strikes out swinging
Batting: RHB Armando López 0-0: Ball
1-0: Ball
2-0: Called Strike
2-1: Ball
3-1: SINGLE (Groundball, 6MD)
Batting: LHB Miguel Montés 0-0: Ball
1-0: Ball
2-0: Called Strike
2-1: Ball
3-1: Base on Balls
Armando López to second
Batting: RHB Raúl Perales 0-0: Foul Ball, location: 2F
0-1: Ball
Wild Pitch!
Armando López to third
Miguel Montés to second
1-1: Swinging Strike
1-2: Strikes out swinging
Top of the 3rd over - 0 run(s), 1 hit(s), 0 error(s), 2 left on base; San Jose 0 - Santa Monica 0
BOTTOM OF THE 3RD
Santa Monica Bruins batting - Pitching for San Jose Missions : LHP Ron Seccombe
Batting: RHB Don Keating 0-0: Ball
1-0: Ball
2-0: Foul Ball, location: 2F
2-1: Ball
3-1: Base on Balls
Batting: RHB Mark Hosley 0-0: Foul Ball, location: 2F
0-1: Ball
1-1: Ball
2-1: Reached on error, E6 (Groundball, 6)
Don Keating to second
Batting: RHB Wallace Franklin 0-0: Foul Ball, location: 2F
0-1: Grounds into double play, U4-3 (Groundball, 4)
Don Keating to third
Batting: LHB Germán Charfauros 0-0: Ball
1-0: TRIPLE (Flyball, 8LM)
Don Keating scores
Batting: LHB Ken Poche 0-0: Foul Ball, location: 2F
0-1: Foul Ball, location: 2F
0-2: Ball
1-2: Ball
2-2: Foul Ball, location: 2F
2-2: Foul Ball, location: 2F
2-2: Foul Ball, location: 2F
2-2: DOUBLE (Flyball, 8RXD)
Germán Charfauros scores
Pinch Runner at 2nd Motoshige Yagi:
Batting: RHB Miguel Moreno 0-0: Foul Ball, location: 2F
0-1: Ball
1-1: Ball
2-1: Foul Ball, location: 2F
2-2: Ground out 3-1 (Groundball, 34)
Bottom of the 3rd over - 2 run(s), 2 hit(s), 1 error(s), 1 left on base; San Jose 0 - Santa Monica 2
TOP OF THE 4TH
San Jose Missions batting - Pitching for Santa Monica Bruins : RHP José Castro
Batting: RHB Dave Wookey 0-0: Ball
1-0: Called Strike
1-1: Called Strike
1-2: Strikes out looking
Batting: RHB Joe Broadhead 0-0: Called Strike
0-1: Called Strike
0-2: Ball
1-2: Fly out, F7 (Flyball, 7M)
Batting: RHB Luis Antonio Rosas 0-0: Foul Ball, location: 2F
0-1: Ball
1-1: Foul Ball, location: 2F
1-2: Ground out 5-3 (Groundball, 56S)
Top of the 4th over - 0 run(s), 0 hit(s), 0 error(s), 0 left on base; San Jose 0 - Santa Monica 2
BOTTOM OF THE 4TH
Santa Monica Bruins batting - Pitching for San Jose Missions : LHP Ron Seccombe
Batting: RHB Grant Jenkins 0-0: Foul Ball, location: 2F
0-1: Swinging Strike
0-2: Ball
1-2: SINGLE (Groundball, 4MD)
Batting: RHB Armando Méndez 0-0: Ball
1-0: Ball
2-0: Foul Ball, location: 2F
2-1: Foul Ball, location: 2F
2-2: Ball
3-2: Base on Balls
Grant Jenkins to second
Batting: RHB Iván De Jesús 0-0: Ball
1-0: Called Strike
1-1: Called Strike
1-2: Ball
2-2: Foul Ball, location: 2F
2-2: Ball
3-2: Base on Balls
Grant Jenkins to third
Armando Méndez to second
Batting: RHB Don Keating 0-0: Ball
1-0: Called Strike
1-1: Swinging Strike
1-2: Ball
2-2: Foul Ball, location: 2F
2-2: Fly out, F8 (Flyball, 8LD)
Runner from 3rd tags up, SCORES, no throw
Batting: RHB Mark Hosley 0-0: SINGLE (Groundball, 5D)
Armando Méndez to third
Iván De Jesús to second
Runner from 3rd tries for Home, SAFE, throw made home
Iván De Jesús to third
Mark Hosley to second
Batting: RHB Wallace Franklin 0-0: Called Strike
0-1: Foul Ball, location: 2F
0-2: Ball
1-2: Ball
2-2: Fly out, F8 (Flyball, 8RS)
Runner from 3rd tags up, SCORES, throw made
Batting: LHB Germán Charfauros 0-0: Foul Ball, location: 2F
0-1: Ball
1-1: Ball
2-1: Ball
3-1: Foul Ball, location: 2F
3-2: Fly out, F8 (Flyball, 8LS)
Bottom of the 4th over - 3 run(s), 2 hit(s), 0 error(s), 1 left on base; San Jose 0 - Santa Monica 5
TOP OF THE 5TH
San Jose Missions batting - Pitching for Santa Monica Bruins : RHP José Castro
Batting: RHB Ángel Hernández 0-0: Called Strike
0-1: Called Strike
0-2: Strikes out looking
Batting: RHB Peyton Pennington 0-0: Foul Ball, location: 2F
0-1: Bunt for hit - play at first, batter OUT! 1-3
Batting: LHB Arturo Rivera 0-0: DOUBLE (Flyball, 8RXD)
Batting: RHB Armando López 0-0: Called Strike
0-1: Swinging Strike
0-2: Strikes out swinging
Top of the 5th over - 0 run(s), 1 hit(s), 0 error(s), 1 left on base; San Jose 0 - Santa Monica 5
BOTTOM OF THE 5TH
Santa Monica Bruins batting - Pitching for San Jose Missions : LHP Ron Seccombe
Batting: RHB Motoshige Yagi 0-0: Ball
1-0: Called Strike
1-1: Ball
2-1: Ball
3-1: Swinging Strike
3-2: SINGLE (Flyball, 8RS) - OUT at second base trying to stretch hit.
Batting: RHB Miguel Moreno 0-0: Called Strike
0-1: Ball
1-1: Ball
2-1: SINGLE (Groundball, 34D)
Pitching: RHP Lorenzo Diéguez
Batting: RHB Grant Jenkins 0-0: Called Strike
0-1: Ball
Wild Pitch!
Miguel Moreno to second
1-1: Ball
2-1: Ball
3-1: Called Strike
3-2: DOUBLE (Line Drive, 9LM)
Miguel Moreno scores
Batting: RHB Armando Méndez 0-0: DOUBLE (Line Drive, 78M)
Grant Jenkins scores
Batting: RHB Iván De Jesús 0-0: Foul Ball, location: 2F
0-1: SINGLE (Groundball, 34D)
Armando Méndez to third
Batting: RHB Don Keating 0-0: Foul Ball, location: 2F
0-1: Ball
1-1: Foul Ball, location: 2F
1-2: Foul Ball, location: 2F
1-2: Fly out, F4 (Popup, 3L)
Batting: RHB Mark Hosley 0-0: Ball
1-0: Fly out, F8 (Flyball, 89M)
Bottom of the 5th over - 2 run(s), 5 hit(s), 0 error(s), 2 left on base; San Jose 0 - Santa Monica 7
TOP OF THE 6TH
San Jose Missions batting - Pitching for Santa Monica Bruins : RHP José Castro
Batting: LHB Miguel Montés 0-0: Called Strike
0-1: SOLO HOME RUN (Flyball, 9D), Distance : 373 ft
Batting: RHB Raúl Perales 0-0: Ball
1-0: Ball
2-0: Foul Ball, location: 2F
2-1: Fly out, F9 (Flyball, 89D)
Batting: RHB Dave Wookey 0-0: Ball
1-0: Ball
2-0: Called Strike
2-1: Ball
3-1: DOUBLE (Groundball, 5L)
Batting: RHB Joe Broadhead 0-0: Fly out, F8 (Flyball, 8RM)
Batting: RHB Luis Antonio Rosas 0-0: Foul Ball, location: 2F
0-1: Foul Ball, location: 2F
0-2: Foul Ball, location: 2F
0-2: Ground out 6-3 (Groundball, 6)
Top of the 6th over - 1 run(s), 2 hit(s), 0 error(s), 1 left on base; San Jose 1 - Santa Monica 7
BOTTOM OF THE 6TH
Santa Monica Bruins batting - Pitching for San Jose Missions : RHP Lorenzo Diéguez
Batting: RHB Wallace Franklin 0-0: Ball
1-0: Ball
2-0: Ball
3-0: Called Strike
3-1: Foul Ball, location: 2F
3-2: Base on Balls
Batting: LHB Germán Charfauros 0-0: Ball
1-0: Foul Ball, location: 2F
1-1: Foul Ball, location: 2F
1-2: Fly out, F8 (Flyball, 8LD)
Batting: RHB Motoshige Yagi 0-0: Ball
1-0: Ball
2-0: Foul Ball, location: 2F
2-1: Ball
3-1: Fly out, F5 (Popup, 15S)
Batting: RHB Miguel Moreno 0-0: Called Strike
0-1: Fly out, F3 (Line Drive, 3)
Bottom of the 6th over - 0 run(s), 0 hit(s), 0 error(s), 1 left on base; San Jose 1 - Santa Monica 7
TOP OF THE 7TH
San Jose Missions batting - Pitching for Santa Monica Bruins : RHP José Castro
Batting: RHB Ángel Hernández 0-0: Ball
1-0: Swinging Strike
1-1: Ball
2-1: Foul Ball, location: 2F
2-2: Strikes out swinging
Batting: RHB Peyton Pennington 0-0: Ball
1-0: Called Strike
1-1: SOLO HOME RUN (Flyball, 7LD), Distance : 337 ft
Batting: LHB Arturo Rivera 0-0: Ball
1-0: Ball
2-0: Called Strike
2-1: Called Strike
2-2: Ball
3-2: Base on Balls
Batting: RHB Armando López 0-0: Swinging Strike
0-1: Ball
1-1: Fly out, F8 (Flyball, 78S)
Batting: LHB Miguel Montés 0-0: DOUBLE (Line Drive, 7LM)
Arturo Rivera to third
Pitching: RHP Pepe Guillén
Batting: RHB Raúl Perales 0-0: SINGLE (Groundball, 56D)
Arturo Rivera scores
Miguel Montés to third
Runner from 3rd tries for Home, SAFE, no throw or cutoff
Batting: RHB Dave Wookey 0-0: Ball
1-0: Called Strike
Raúl Perales steals 2nd base
1-1: Swinging Strike
1-2: Strikes out swinging
Top of the 7th over - 3 run(s), 3 hit(s), 0 error(s), 1 left on base; San Jose 4 - Santa Monica 7
BOTTOM OF THE 7TH
Santa Monica Bruins batting - Pitching for San Jose Missions : RHP Lorenzo Diéguez
Pitching: RHP Jeff Campbell
Batting: RHB Grant Jenkins 0-0: SINGLE (Groundball, 56D)
Batting: RHB Armando Méndez 0-0: Called Strike
0-1: Bunted foul
0-2: Ball
1-2: Ball
2-2: Ball
3-2: Strikes out swinging
Batting: RHB Iván De Jesús 0-0: Ball
1-0: Ball
2-0: Called Strike
2-1: Ball
3-1: Foul Ball, location: 2F
3-2: Strikes out looking
Batting: RHB Don Keating 0-0: SINGLE (Groundball, 56D)
Grant Jenkins to second
Batting: RHB Mark Hosley 0-0: Ball
1-0: Ball
2-0: Swinging Strike
2-1: Ball
3-1: Foul Ball, location: 2F
3-2: Base on Balls
Grant Jenkins to third
Don Keating to second
Pinch Hitting: LHB Noriaki Sangi 0-0: Foul Ball, location: 2F
0-1: Called Strike
0-2: Foul Ball, location: 2F
0-2: Foul Ball, location: 2F
0-2: Strikes out swinging
Bottom of the 7th over - 0 run(s), 2 hit(s), 0 error(s), 3 left on base; San Jose 4 - Santa Monica 7
TOP OF THE 8TH
San Jose Missions batting - Pitching for Santa Monica Bruins : RHP Pepe Guillén
Now in CF: Yoshitoki Kouda
Batting: RHB Joe Broadhead 0-0: Fly out, F8 (Line Drive, 8LM)
Batting: RHB Luis Antonio Rosas 0-0: Ball
1-0: Ball
2-0: Swinging Strike
2-1: Foul Ball, location: 2F
2-2: Fly out, F8 (Flyball, 8LS)
Batting: RHB Ángel Hernández 0-0: Called Strike
0-1: Foul Ball, location: 2F
0-2: Foul Ball, location: 2F
0-2: Ball
1-2: Strikes out swinging
Top of the 8th over - 0 run(s), 0 hit(s), 0 error(s), 0 left on base; San Jose 4 - Santa Monica 7
BOTTOM OF THE 8TH
Santa Monica Bruins batting - Pitching for San Jose Missions : RHP Jeff Campbell
Batting: LHB Germán Charfauros 0-0: Ball
1-0: Ball
2-0: Called Strike
2-1: Foul Ball, location: 2F
2-2: Ball
3-2: Base on Balls
Pitching: RHP Gabriel Moore
Batting: RHB Motoshige Yagi 0-0: Swinging Strike
0-1: Ball
1-1: Called Strike
1-2: Foul Ball, location: 2F
1-2: Ball
2-2: Foul Ball, location: 2F
2-2: Foul Ball, location: 2F
2-2: Ball
Throwing error on steal attempt, E2
Germán Charfauros to third
3-2: Intentional Walk
Batting: RHB Miguel Moreno 0-0: Called Strike
0-1: Fly out, F8 (Flyball, 8LM)
Runner from 3rd tags up, SCORES, throw made
Batting: RHB Grant Jenkins 0-0: Ball
1-0: Ball
2-0: Foul Ball, location: 2F
2-1: Foul Ball, location: 2F
2-2: DOUBLE (Line Drive, 9LM)
Motoshige Yagi to third
Batting: RHB Armando Méndez 0-0: TRIPLE (Line Drive, 78S)
Motoshige Yagi scores
Grant Jenkins scores
Batting: RHB Iván De Jesús 0-0: Ball
1-0: Ball
2-0: Called Strike
2-1: Foul Ball, location: 2F
2-2: Ground out 5-3 (Groundball, 5L)
Batting: RHB Don Keating 0-0: Foul Ball, location: 2F
0-1: Ball
1-1: Ball
2-1: Foul Ball, location: 2F
2-2: Foul Ball, location: 2F
2-2: Foul Ball, location: 2F
2-2: Ball
3-2: Foul Ball, location: 2F
3-2: Base on Balls
Batting: RHB Mark Hosley 0-0: Called Strike
0-1: DOUBLE (Line Drive, 5D)
Armando Méndez scores
Don Keating to third
Runner from 3rd tries for Home, throw and OUT!
Bottom of the 8th over - 4 run(s), 3 hit(s), 1 error(s), 1 left on base; San Jose 4 - Santa Monica 11
TOP OF THE 9TH
San Jose Missions batting - Pitching for Santa Monica Bruins : RHP Pepe Guillén
Pinch Hitting: RHB Madidou El Sayed 0-0: Ball
1-0: Ball
2-0: Fly out, F8 (Flyball, 8LM)
Batting: LHB Arturo Rivera 0-0: Ball
1-0: Foul Ball, location: 2F
1-1: Ball
2-1: Ball
3-1: Foul Ball, location: 2F
3-2: Base on Balls
Pitching: RHP Michael Carr
Batting: RHB Armando López 0-0: Ball
1-0: Called Strike
1-1: Foul Ball, location: 2F
1-2: Foul Ball, location: 2F
1-2: Ball
2-2: Foul Ball, location: 2F
2-2: Strikes out swinging
Batting: LHB Miguel Montés 0-0: Ball
1-0: Ground out 4-3 (Groundball, 4D)
Top of the 9th over - 0 run(s), 0 hit(s), 0 error(s), 1 left on base; San Jose 4 - Santa Monica 11
This league is powered by Out of the Park Baseball, the baseball management simulation game for PC, Mac and Linux
Saturday, April 9th, 2016 - OOTP Baseball 16.8 Build 38